EL
FRISCO ROUGHRIDERS @ MONTGOMERY BISCUITS
08/12/2049
 
TOP OF THE 1ST
Frisco RoughRiders batting - Pitching for Montgomery Biscuits : RHP Angelo Mora
Pitching: RHP Angelo Mora
Batting: LHB Yoshinari Nara 0-0: Ball
1-0: Ball
2-0: Swinging Strike
2-1: Foul Ball, location: 2F
2-2: Ball
3-2: Fly out, F7 (Flyball, 7D, EV 101.2 MPH)
Batting: LHB Jody Hudson 0-0: Foul Ball, location: 2F
0-1: Foul Ball, location: 2F
0-2: Foul Ball, location: 2F
0-2: Foul Ball, location: 2F
0-2: Ball
1-2: Ball
2-2: Ground out 4-3 (Groundball, 4, EV 101.9 MPH)
Batting: RHB Chance Lamb 0-0: Reached on error, E4 (Groundball, 4, EV 91.2 MPH)
Batting: LHB Jim Pankratz 0-0: Called Strike
0-1: Ball
1-1: Swinging Strike
1-2: Foul Ball, location: 2F
1-2: Ball
2-2: Ball
3-2: Base on Balls
Chance Lamb to second
Batting: LHB Joseph Martin 0-0: Foul Ball, location: 2F
0-1: Ball
1-1: Called Strike
1-2: Ball
2-2: Ball
3-2: Fly out, F9 (Flyball, 9, EV 92.5 MPH)
Top of the 1st over - 0 runs, 0 hits, 1 error, 2 left on base; Frisco 0 - Montgomery 0
BOTTOM OF THE 1ST
Montgomery Biscuits batting - Pitching for Frisco RoughRiders : RHP Kalititi Haki
Pitching: RHP Kalititi Haki
Batting: RHB Adam Turpin 0-0: Ball
1-0: Ball
2-0: Called Strike
2-1: Foul Ball, location: 2F
2-2: Ball
3-2: Base on Balls
Batting: RHB Jason Penfield 0-0: Ball
Adam Turpin steals 2nd base
1-0: Foul Ball, location: 2F
1-1: Ball
2-1: Ball
3-1: Fly out, F7 (Flyball, 7LSF, EV 84.4 MPH)
Batting: RHB Alex Zamora 0-0: Ball
1-0: Foul Ball, location: 2F
1-1: Foul Ball, location: 2F
1-2: SINGLE (Line Drive, 78S, EV 92.5 MPH)
Adam Turpin to third
Batting: RHB Freddy Mullen 0-0: Ball
1-0: Foul Ball, location: 2F
1-1: Reached on error, E6 (Groundball, 6, EV 105.6 MPH)
Adam Turpin scores
Alex Zamora to second
Batting: LHB Mario Ocana 0-0: Hit by Pitch
Alex Zamora to third
Freddy Mullen to second
Batting: RHB Dan Marks 0-0: Foul Ball, location: 2F
0-1: Grounds into double play, 6-4-3 (Groundball, 56, EV 102.5 MPH)
Bottom of the 1st over - 1 run, 1 hit, 1 error, 2 left on base; Frisco 0 - Montgomery 1
TOP OF THE 2ND
Frisco RoughRiders batting - Pitching for Montgomery Biscuits : RHP Angelo Mora
Batting: RHB Luis Arce 0-0: Ball
1-0: Ball
2-0: Called Strike
2-1: Ball
3-1: Base on Balls
Batting: RHB Matt Sanders 0-0: Foul Ball, location: 2F
0-1: SINGLE (Groundball, 56, EV 100.6 MPH) (infield hit)
Luis Arce to second
Batting: RHB Carlos Lopez 0-0: Ball
Wild Pitch!
Luis Arce to third
Matt Sanders to second
1-0: Ball
2-0: Called Strike
2-1: Foul Ball, location: 2F
2-2: Strikes out swinging
Batting: RHB Joe Kemp 0-0: SINGLE (Flyball, 56D, EV 87.5 MPH)
Luis Arce scores
Matt Sanders to third
Batting: LHB Yoshinari Nara 0-0: Called Strike
Joe Kemp is caught stealing 2nd base 2-6
0-1: TRIPLE (Line Drive, 89XD, EV 107.5 MPH)
Matt Sanders scores
Batting: LHB Jody Hudson 0-0: Ball
1-0: Ball
2-0: Called Strike
2-1: Foul Ball, location: 2F
2-2: Fly out, F6 (Line Drive, 6MD, EV 55.0 MPH)
Top of the 2nd over - 2 runs, 3 hits, 0 errors, 1 left on base; Frisco 2 - Montgomery 1
BOTTOM OF THE 2ND
Montgomery Biscuits batting - Pitching for Frisco RoughRiders : RHP Kalititi Haki
Batting: LHB Rich Matthews 0-0: Ball
1-0: Foul Ball, location: 2F
1-1: Called Strike
1-2: Foul Ball, location: 2F
1-2: Strikes out swinging
Batting: RHB Jaime Astacio 0-0: Ball
1-0: Ball
2-0: Called Strike
2-1: Foul Ball, location: 2F
2-2: Ground out 5-3 (Groundball, 5L, EV 104.4 MPH)
Batting: LHB Alex Genao 0-0: Called Strike
0-1: Ball
1-1: Ball
2-1: Ball
3-1: Foul Ball, location: 2F
3-2: Fly out, F8 (Line Drive, 8RM, EV 95.6 MPH)
Bottom of the 2nd over - 0 runs, 0 hits, 0 errors, 0 left on base; Frisco 2 - Montgomery 1
TOP OF THE 3RD
Frisco RoughRiders batting - Pitching for Montgomery Biscuits : RHP Angelo Mora
Batting: RHB Chance Lamb 0-0: Swinging Strike
0-1: Ball
1-1: Ball
2-1: Foul Ball, location: 2F
2-2: Fly out, F7 (Flyball, 7, EV 97.5 MPH)
Batting: LHB Jim Pankratz 0-0: Ball
1-0: Foul Ball, location: 2F
1-1: SINGLE (Line Drive, 9S, EV 100.0 MPH)
Batting: LHB Joseph Martin 0-0: Called Strike
Jim Pankratz steals 2nd base
0-1: Called Strike
0-2: Ball
1-2: Fly out, F3 (Line Drive, 3L, EV 68.8 MPH)
Batting: RHB Luis Arce 0-0: Called Strike
0-1: Ball
1-1: Ball
2-1: Swinging Strike
2-2: Foul Ball, location: 2F
2-2: Ball
3-2: Base on Balls
Batting: RHB Matt Sanders 0-0: 3-RUN HOME RUN (Flyball, 89XD, EV 106.2 MPH), Distance : 397 ft
Pitching: RHP Cameron Bianchi
Batting: RHB Carlos Lopez 0-0: Ball
1-0: Foul Ball, location: 2F
1-1: Ground out 5-3 (Groundball, 56S, EV 87.5 MPH)
Top of the 3rd over - 3 runs, 2 hits, 0 errors, 0 left on base; Frisco 5 - Montgomery 1
BOTTOM OF THE 3RD
Montgomery Biscuits batting - Pitching for Frisco RoughRiders : RHP Kalititi Haki
Batting: RHB Adam Turpin 0-0: Foul Ball, location: 2F
0-1: Called Strike
0-2: Ball
1-2: Foul Ball, location: 2F
1-2: Foul Ball, location: 2F
1-2: Ball
2-2: Ground out 5-3 (Groundball, 56, EV 106.9 MPH)
Batting: RHB Jason Penfield 0-0: Foul Ball, location: 2F
0-1: Ball
1-1: Foul Ball, location: 2F
1-2: Strikes out swinging
Batting: RHB Alex Zamora 0-0: Foul Ball, location: 2F
0-1: Ball
1-1: Ground out 4-3 (Groundball, 4S, EV 76.2 MPH)
Bottom of the 3rd over - 0 runs, 0 hits, 0 errors, 0 left on base; Frisco 5 - Montgomery 1
TOP OF THE 4TH
Frisco RoughRiders batting - Pitching for Montgomery Biscuits : RHP Cameron Bianchi
Batting: RHB Joe Kemp 0-0: Called Strike
0-1: Ball
1-1: Swinging Strike
1-2: Strikes out swinging
Batting: LHB Yoshinari Nara 0-0: Called Strike
0-1: Ball
1-1: Ball
2-1: Foul Ball, location: 2F
2-2: Foul Ball, location: 2F
2-2: Foul Ball, location: 2F
2-2: Ball
3-2: Foul Ball, location: 2F
3-2: Foul Ball, location: 2F
3-2: Strikes out swinging
Batting: LHB Jody Hudson 0-0: Ball
1-0: SINGLE (Groundball, 6D, EV 101.9 MPH)
Batting: RHB Chance Lamb 0-0: Ball
Jody Hudson steals 2nd base
1-0: 2-RUN HOME RUN (Flyball, 9D, EV 95.0 MPH), Distance : 368 ft
Batting: LHB Jim Pankratz 0-0: Ball
1-0: Fly out, F6 (Flyball, 56D, EV 93.8 MPH)
Top of the 4th over - 2 runs, 2 hits, 0 errors, 0 left on base; Frisco 7 - Montgomery 1
BOTTOM OF THE 4TH
Montgomery Biscuits batting - Pitching for Frisco RoughRiders : RHP Kalititi Haki
DELAY Rain delay of 43 minutes in the 4th inning.
Batting: RHB Freddy Mullen 0-0: Ball
1-0: Called Strike
1-1: Ball
2-1: Fly out, F8 (Flyball, 8LXD, EV 99.4 MPH)
Batting: LHB Mario Ocana 0-0: Called Strike
0-1: Ball
1-1: Foul Ball, location: 2F
1-2: Strikes out swinging
Batting: RHB Dan Marks 0-0: Called Strike
0-1: Swinging Strike
0-2: Ball
1-2: Ball
2-2: Fly out, F7 (Line Drive, 78M, EV 106.9 MPH)
Bottom of the 4th over - 0 runs, 0 hits, 0 errors, 0 left on base; Frisco 7 - Montgomery 1
TOP OF THE 5TH
Frisco RoughRiders batting - Pitching for Montgomery Biscuits : RHP Cameron Bianchi
Batting: LHB Joseph Martin 0-0: Called Strike
0-1: Ball
1-1: Foul Ball, location: 2F
1-2: Ball
2-2: Ball
3-2: Foul Ball, location: 2F
3-2: Ground out 4-3 (Groundball, 4, EV 86.2 MPH)
Batting: RHB Luis Arce 0-0: Foul Ball, location: 2F
0-1: Ball
1-1: Foul Ball, location: 2F
1-2: Foul Ball, location: 2F
1-2: Ball
2-2: Ball
3-2: Strikes out looking
Batting: RHB Matt Sanders 0-0: Ball
1-0: Called Strike
1-1: Swinging Strike
1-2: SINGLE (Flyball, 78S, EV 86.2 MPH)
Batting: RHB Carlos Lopez 0-0: Ball
1-0: SINGLE (Groundball, 13S, EV 62.5 MPH) (infield hit)
Matt Sanders to second
Batting: RHB Joe Kemp 0-0: Foul Ball, location: 2F
0-1: Ball
1-1: Swinging Strike
1-2: Foul Ball, location: 2F
1-2: Ball
2-2: Ball
3-2: Ground out 5-3 (Groundball, 5S, EV 88.8 MPH)
Top of the 5th over - 0 runs, 2 hits, 0 errors, 2 left on base; Frisco 7 - Montgomery 1
BOTTOM OF THE 5TH
Montgomery Biscuits batting - Pitching for Frisco RoughRiders : RHP Kalititi Haki
Batting: LHB Rich Matthews 0-0: Ground out 5-3 (Groundball, 5, EV 95.0 MPH)
Batting: RHB Jaime Astacio 0-0: Hit by Pitch
Batting: LHB Alex Genao 0-0: Called Strike
0-1: Ball
Balk!
Jaime Astacio to second
1-1: Swinging Strike
1-2: Strikes out looking
Batting: RHB Adam Turpin 0-0: Foul Ball, location: 2F
0-1: Foul Ball, location: 2F
0-2: Foul Ball, location: 2F
0-2: Ball
1-2: Ball
2-2: SINGLE (Line Drive, 56, EV 96.9 MPH)
Jaime Astacio to third
Batting: RHB Jason Penfield 0-0: Ball
1-0: Called Strike
1-1: DOUBLE (Line Drive, 89D, EV 108.1 MPH)
Jaime Astacio scores
Adam Turpin to third
Batting: RHB Alex Zamora 0-0: Foul Ball, location: 2F
0-1: Called Strike
0-2: Strikes out swinging
Bottom of the 5th over - 1 run, 2 hits, 0 errors, 2 left on base; Frisco 7 - Montgomery 2
TOP OF THE 6TH
Frisco RoughRiders batting - Pitching for Montgomery Biscuits : RHP Cameron Bianchi
Batting: LHB Yoshinari Nara 0-0: Called Strike
0-1: Swinging Strike
0-2: Ball
1-2: Ball
2-2: Strikes out swinging, 2-3 out at first.
Pitching: RHP Melvin Pena
Batting: LHB Jody Hudson 0-0: Ball
1-0: Foul Ball, location: 2F
1-1: Ball
2-1: Foul Ball, location: 2F
2-2: Foul Ball, location: 2F
2-2: Foul Ball, location: 2F
2-2: Foul Ball, location: 2F
2-2: Ball
3-2: DOUBLE (Flyball, 8RXD, EV 98.8 MPH)
Batting: RHB Chance Lamb 0-0: Foul Ball, location: 2F
0-1: Fly out, F2 (Popup, 3SF, EV 72.5 MPH)
Batting: LHB Jim Pankratz 0-0: Fly out, F6 (Popup, 6S, EV 64.4 MPH)
Top of the 6th over - 0 runs, 1 hit, 0 errors, 1 left on base; Frisco 7 - Montgomery 2
BOTTOM OF THE 6TH
Montgomery Biscuits batting - Pitching for Frisco RoughRiders : RHP Kalititi Haki
Batting: RHB Freddy Mullen 0-0: Called Strike
0-1: Foul Ball, location: 2F
0-2: Ball
1-2: Foul Ball, location: 2F
1-2: Strikes out swinging
Batting: LHB Mario Ocana 0-0: Ball
1-0: SINGLE (Groundball, 56S, EV 70.0 MPH) (infield hit)
Batting: RHB Dan Marks 0-0: Ball
1-0: Ball
2-0: Ball
3-0: Base on Balls
Mario Ocana to second
Batting: LHB Rich Matthews 0-0: Ball
1-0: Ball
2-0: DOUBLE (Groundball, 3L, EV 94.4 MPH)
Mario Ocana scores
Dan Marks to third
Batting: RHB Jaime Astacio 0-0: Ball
1-0: Called Strike
1-1: Foul Ball, location: 2F
1-2: SINGLE (Line Drive, 8RS, EV 86.9 MPH)
Dan Marks scores
Rich Matthews to third
Batting: LHB Alex Genao 0-0: Called Strike
0-1: Called Strike
0-2: Ball
1-2: Ball
2-2: Foul Ball, location: 2F
2-2: DOUBLE (Line Drive, 9LM, EV 114.4 MPH)
Rich Matthews scores
Jaime Astacio to third
Pitching: RHP Steve Grier
Batting: RHB Adam Turpin 0-0: Ground out 6-3 (Groundball, 6, EV 102.5 MPH)
Jaime Astacio scores
Batting: RHB Jason Penfield 0-0: Ball
1-0: Fly out, F8 (Line Drive, 8LS, EV 87.5 MPH)
Bottom of the 6th over - 4 runs, 4 hits, 0 errors, 1 left on base; Frisco 7 - Montgomery 6
TOP OF THE 7TH
Frisco RoughRiders batting - Pitching for Montgomery Biscuits : RHP Melvin Pena
Batting: LHB Joseph Martin 0-0: Called Strike
0-1: Fly out, F2 (Popup, 23F, EV 82.5 MPH)
Batting: RHB Luis Arce 0-0: Ball
1-0: Swinging Strike
1-1: Ball
2-1: SINGLE (Groundball, 6D, EV 105.6 MPH)
Batting: RHB Matt Sanders 0-0: Called Strike
Luis Arce is caught stealing 2nd base 2-4
0-1: Ground out 6-3 (Groundball, 6, EV 85.0 MPH)
Top of the 7th over - 0 runs, 1 hit, 0 errors, 0 left on base; Frisco 7 - Montgomery 6
BOTTOM OF THE 7TH
Montgomery Biscuits batting - Pitching for Frisco RoughRiders : RHP Steve Grier
Batting: RHB Alex Zamora 0-0: Called Strike
0-1: Ball
1-1: Foul Ball, location: 2F
1-2: Ball
2-2: Ball
3-2: Strikes out swinging
Batting: RHB Freddy Mullen 0-0: Called Strike
0-1: Called Strike
0-2: Ground out 6-3 (Groundball, 6, EV 96.9 MPH)
Batting: LHB Mario Ocana 0-0: Foul Ball, location: 2F
0-1: Called Strike
0-2: DOUBLE (Line Drive, 9LS, EV 101.9 MPH)
Batting: RHB Dan Marks 0-0: Called Strike
0-1: Ground out 3-1 (Groundball, 34, EV 83.1 MPH)
Bottom of the 7th over - 0 runs, 1 hit, 0 errors, 1 left on base; Frisco 7 - Montgomery 6
TOP OF THE 8TH
Frisco RoughRiders batting - Pitching for Montgomery Biscuits : RHP Melvin Pena
Batting: RHB Carlos Lopez 0-0: Ground out 6-3 (Groundball, 56, EV 87.5 MPH)
Batting: RHB Joe Kemp 0-0: Ball
1-0: Ball
2-0: Ball
3-0: Fly out, F8 (Flyball, 78S, EV 72.5 MPH)
Batting: LHB Yoshinari Nara 0-0: Ball
1-0: Foul Ball, location: 2F
1-1: Foul Ball, location: 2F
1-2: Strikes out swinging
Top of the 8th over - 0 runs, 0 hits, 0 errors, 0 left on base; Frisco 7 - Montgomery 6
BOTTOM OF THE 8TH
Montgomery Biscuits batting - Pitching for Frisco RoughRiders : RHP Steve Grier
Batting: LHB Rich Matthews 0-0: Ball
1-0: Swinging Strike
1-1: Ball
2-1: Ground out 4-3 (Groundball, 4, EV 99.4 MPH)
Batting: SHB Wayne Hattan 0-0: Swinging Strike
0-1: Called Strike
0-2: Ball
1-2: Strikes out looking
Batting: LHB Alex Genao 0-0: Ball
1-0: Foul Ball, location: 2F
1-1: Swinging Strike
1-2: Strikes out swinging
Bottom of the 8th over - 0 runs, 0 hits, 0 errors, 0 left on base; Frisco 7 - Montgomery 6
TOP OF THE 9TH
Frisco RoughRiders batting - Pitching for Montgomery Biscuits : RHP Melvin Pena
Pitching: RHP David Espinosa
Batting: LHB Jody Hudson 0-0: Ball
1-0: Called Strike
1-1: Ball
2-1: Called Strike
2-2: Ground out 5-3 (Groundball, 56S, EV 94.4 MPH)
Batting: RHB Chance Lamb 0-0: Foul Ball, location: 2F
0-1: Swinging Strike
0-2: Strikes out swinging
Batting: LHB Jim Pankratz 0-0: Called Strike
0-1: Hit by Pitch
Batting: LHB Joseph Martin 0-0: Called Strike
0-1: Swinging Strike
0-2: Ball
1-2: Strikes out swinging
Top of the 9th over - 0 runs, 0 hits, 0 errors, 1 left on base; Frisco 7 - Montgomery 6
BOTTOM OF THE 9TH
Montgomery Biscuits batting - Pitching for Frisco RoughRiders : RHP Steve Grier
Pitching: RHP Tim Martin
Batting: RHB Adam Turpin 0-0: Foul Ball, location: 2F
0-1: Called Strike
0-2: Ball
1-2: Strikes out swinging
Batting: RHB Jason Penfield 0-0: Ball
1-0: Swinging Strike
1-1: Called Strike
1-2: Ball
2-2: Ball
3-2: Foul Ball, location: 2F
3-2: Strikes out swinging
Batting: RHB Alex Zamora 0-0: Ball
1-0: Ball
2-0: Foul Ball, location: 2F
2-1: Foul Ball, location: 2F
2-2: SINGLE (Groundball, 56D, EV 103.1 MPH)
Batting: RHB Freddy Mullen 0-0: Swinging Strike
0-1: Called Strike
0-2: Fielders Choice at 2nd, 6-4 (Groundball, 56, EV 105.0 MPH)
Bottom of the 9th over - 0 runs, 1 hit, 0 errors, 1 left on base; Frisco 7 - Montgomery 6
Sunday, July 16th , 2023 - OOTP Baseball 24.6 Build 69